TOP OF THE 1ST |
---|
Newark Bulldogs batting - Pitching for Kingston Iguanas : RHP Paul Lorenzo | Pitching: RHP Paul Lorenzo | | Batting: RHB Aurelio Cruz | 0-0: Ball 1-0: Swinging Strike 1-1: Called Strike 1-2: Fly out, F5 (Line Drive, 5) | Batting: RHB Tony Long | 0-0: Swinging Strike 0-1: Ball 1-1: Ball 2-1: Ball 3-1: Base on Balls | Batting: LHB Pat Zimmerman | 0-0: Called Strike 0-1: Foul Ball, location: 2F 0-2: Ball 1-2: SINGLE (Groundball, 34) (infield hit) Tony Long to second | Batting: LHB Gabriel Aragón | 0-0: Ball 1-0: Grounds into double play, 4-6-3 (Groundball, 4) | Top of the 1st over - 0 runs, 1 hit, 0 errors, 1 left on base; Newark 0 - Kingston 0 | BOTTOM OF THE 1ST |
---|
Kingston Iguanas batting - Pitching for Newark Bulldogs : RHP Juan González | Pitching: RHP Juan González | | Batting: LHB Marvin Nichols | 0-0: Ball 1-0: Swinging Strike 1-1: Called Strike 1-2: Strikes out swinging | Batting: RHB Francisco Martínez | 0-0: Called Strike 0-1: Foul Ball, location: 2F 0-2: Foul Ball, location: 2F 0-2: Ball 1-2: Ground out 4-3 (Groundball, 4MD) | Batting: LHB Gustavo Gómez | 0-0: Called Strike 0-1: Swinging Strike 0-2: Ball 1-2: Ball 2-2: Fly out, F6 (Flyball, 56D) | Bottom of the 1st over - 0 runs, 0 hits, 0 errors, 0 left on base; Newark 0 - Kingston 0 | TOP OF THE 2ND |
---|
Newark Bulldogs batting - Pitching for Kingston Iguanas : RHP Paul Lorenzo | Batting: RHB Michael Skinner | 0-0: Swinging Strike 0-1: Ball 1-1: Ball 2-1: Called Strike 2-2: Ball 3-2: Fly out, F7 (Flyball, 7S) | Batting: LHB Gerardo Guzmán | 0-0: Ball 1-0: Ball 2-0: Foul Ball, location: 2F 2-1: Ball 3-1: Base on Balls | Batting: RHB Jorge Flores | 0-0: Swinging Strike 0-1: Ball 1-1: Ball 2-1: 2-RUN HOME RUN (Flyball, 9D), Distance : 366 ft | Batting: RHB Dan McKay | 0-0: Fly out, F6 (Popup, 6M) | Batting: SHB Ismael Sánchez | 0-0: Ball 1-0: Ball 2-0: Called Strike 2-1: SINGLE (Flyball, 8LS) | Batting: RHB Aurelio Cruz | 0-0: Called Strike 0-1: Ball 1-1: Ball 2-1: Foul Ball, location: 2F 2-2: Ball 3-2: Fly out, F8 (Flyball, 8RM) | Top of the 2nd over - 2 runs, 2 hits, 0 errors, 1 left on base; Newark 2 - Kingston 0 | BOTTOM OF THE 2ND |
---|
Kingston Iguanas batting - Pitching for Newark Bulldogs : RHP Juan González | Batting: LHB Jon Quinn | 0-0: Called Strike 0-1: Swinging Strike 0-2: Ball 1-2: Strikes out swinging | Batting: LHB Billy Anderson | 0-0: SINGLE (Line Drive, 4D) | Batting: LHB Henry Durham | 0-0: Ball 1-0: Ball 2-0: Ball 3-0: Called Strike 3-1: Called Strike 3-2: SINGLE (Groundball, 5S) (infield hit) Billy Anderson to second | Batting: RHB Sergio Mata | 0-0: Hit by Pitch Billy Anderson to third Henry Durham to second | Batting: SHB John Beach | 0-0: Ball 1-0: Ball 2-0: Foul Ball, location: 2F 2-1: Ball 3-1: Foul Ball, location: 2F 3-2: SINGLE (Groundball, 4D) Billy Anderson scores Henry Durham to third Sergio Mata to second Runner from 3rd tries for Home, SAFE, no throw | Batting: SHB Júlio Valentín | 0-0: Called Strike Sergio Mata steals 3rd base John Beach to second 0-1: Ball 1-1: Ball 2-1: Ball 3-1: Swinging Strike 3-2: Base on Balls | Batting: LHB Marvin Nichols | 0-0: Ball 1-0: Ground out U3 (Groundball, 34S) Sergio Mata scores John Beach to third Júlio Valentín to second | Batting: RHB Francisco Martínez | 0-0: Swinging Strike 0-1: Ball 1-1: Called Strike 1-2: Ground out 6-3 (Groundball, 6MD) | Bottom of the 2nd over - 3 runs, 3 hits, 0 errors, 2 left on base; Newark 2 - Kingston 3 | TOP OF THE 3RD |
---|
Newark Bulldogs batting - Pitching for Kingston Iguanas : RHP Paul Lorenzo | Batting: RHB Tony Long | 0-0: Fly out, F6 (Line Drive, 6) | Batting: LHB Pat Zimmerman | 0-0: Called Strike 0-1: Ball 1-1: SINGLE (Groundball, 4MD) | Batting: LHB Gabriel Aragón | 0-0: Ball 1-0: Fly out, F4 (Line Drive, 34) | Batting: RHB Michael Skinner | 0-0: Ball 1-0: Ball 2-0: Foul Ball, location: 2F 2-1: Ball 3-1: Called Strike 3-2: DOUBLE (Flyball, 8LXD) Pat Zimmerman to third Pat Zimmerman scores | Batting: LHB Gerardo Guzmán | 0-0: Swinging Strike 0-1: Foul Ball, location: 2F 0-2: Strikes out looking | Top of the 3rd over - 1 run, 2 hits, 0 errors, 1 left on base; Newark 3 - Kingston 3 | BOTTOM OF THE 3RD |
---|
Kingston Iguanas batting - Pitching for Newark Bulldogs : RHP Juan González | Batting: LHB Gustavo Gómez | 0-0: Swinging Strike 0-1: Foul Ball, location: 2F 0-2: Ball 1-2: Ball 2-2: Foul Ball, location: 2F 2-2: DOUBLE (Flyball, 8RD) | Batting: LHB Jon Quinn | 0-0: Ball 1-0: Called Strike 1-1: Ball 2-1: Swinging Strike 2-2: Foul Ball, location: 2F 2-2: 2-RUN HOME RUN (Flyball, 89XD), Distance : 386 ft | Batting: LHB Billy Anderson | 0-0: Ball 1-0: Ball 2-0: Fly out, F7 (Flyball, 78M) | Batting: LHB Henry Durham | 0-0: Called Strike 0-1: Ground out 4-3 (Groundball, 4) | Batting: RHB Sergio Mata | 0-0: Ball 1-0: Called Strike 1-1: Foul Ball, location: 2F 1-2: Ball 2-2: Ground out 4-3 (Groundball, 4MS) | Bottom of the 3rd over - 2 runs, 2 hits, 0 errors, 0 left on base; Newark 3 - Kingston 5 | TOP OF THE 4TH |
---|
Newark Bulldogs batting - Pitching for Kingston Iguanas : RHP Paul Lorenzo | Batting: RHB Jorge Flores | 0-0: Foul Ball, location: 2F 0-1: Called Strike 0-2: Ground out 6-3 (Groundball, 6) | Batting: RHB Dan McKay | 0-0: Called Strike 0-1: Called Strike 0-2: Ball 1-2: Strikes out looking | Batting: SHB Ismael Sánchez | 0-0: Ball 1-0: Ground out 4-3 (Groundball, 4M) | Top of the 4th over - 0 runs, 0 hits, 0 errors, 0 left on base; Newark 3 - Kingston 5 | BOTTOM OF THE 4TH |
---|
Kingston Iguanas batting - Pitching for Newark Bulldogs : RHP Juan González | Batting: SHB John Beach | 0-0: Called Strike 0-1: Foul Ball, location: 2F 0-2: Fly out, F5 (Popup, 6S) | Batting: SHB Júlio Valentín | 0-0: Foul Ball, location: 2F 0-1: Called Strike 0-2: Fly out, F7 (Flyball, 7LM) | Batting: LHB Marvin Nichols | 0-0: Ball 1-0: Called Strike 1-1: Bunted foul 1-2: Foul Ball, location: 2F 1-2: Strikes out swinging | Bottom of the 4th over - 0 runs, 0 hits, 0 errors, 0 left on base; Newark 3 - Kingston 5 | TOP OF THE 5TH |
---|
Newark Bulldogs batting - Pitching for Kingston Iguanas : RHP Paul Lorenzo | Batting: RHB Aurelio Cruz | 0-0: Ball 1-0: Called Strike 1-1: Fly out, F7 (Flyball, 78D) | Batting: RHB Tony Long | 0-0: Ball 1-0: Foul Ball, location: 2F 1-1: Fly out, F7 (Flyball, 7) | Batting: LHB Pat Zimmerman | 0-0: DOUBLE (Flyball, 8RXD) | Batting: LHB Gabriel Aragón | 0-0: Ball 1-0: Ball 2-0: Called Strike 2-1: Fly out, F6 (Popup, 6D) | Top of the 5th over - 0 runs, 1 hit, 0 errors, 1 left on base; Newark 3 - Kingston 5 | BOTTOM OF THE 5TH |
---|
Kingston Iguanas batting - Pitching for Newark Bulldogs : RHP Juan González | Batting: RHB Francisco Martínez | 0-0: Swinging Strike 0-1: Swinging Strike 0-2: Ball 1-2: Ground out 4-3 (Groundball, 34) | Batting: LHB Gustavo Gómez | 0-0: Ball 1-0: Fly out, F9 (Flyball, 9S) | Batting: LHB Jon Quinn | 0-0: Ball 1-0: Ball 2-0: Called Strike 2-1: Ball 3-1: SINGLE (Line Drive, 6M) | Batting: LHB Billy Anderson | 0-0: Swinging Strike 0-1: Ground out 4-3 (Groundball, 4) | Bottom of the 5th over - 0 runs, 1 hit, 0 errors, 1 left on base; Newark 3 - Kingston 5 | TOP OF THE 6TH |
---|
Newark Bulldogs batting - Pitching for Kingston Iguanas : RHP Paul Lorenzo | Batting: RHB Michael Skinner | 0-0: Ball 1-0: Ball 2-0: Called Strike 2-1: DOUBLE (Line Drive, 9LS) | Batting: LHB Gerardo Guzmán | 0-0: Ball 1-0: Foul Ball, location: 2F 1-1: Ball 2-1: Ball 3-1: Foul Ball, location: 2F 3-2: Base on Balls | Pitching: RHP Ron Jenkins | | Batting: RHB Jorge Flores | 0-0: Fly out, F8 (Flyball, 89M) | Batting: RHB Dan McKay | 0-0: Called Strike 0-1: SINGLE (Groundball, 6MD) Michael Skinner to third Gerardo Guzmán to second Runner from 3rd tries for Home, throw and OUT! | Batting: SHB Ismael Sánchez | 0-0: DOUBLE (Line Drive, 9LS) Gerardo Guzmán scores Dan McKay to third Runner from 3rd tries for Home, SAFE, throw made at trailing runner, OUT at third! | Top of the 6th over - 2 runs, 3 hits, 0 errors, 0 left on base; Newark 5 - Kingston 5 | BOTTOM OF THE 6TH |
---|
Kingston Iguanas batting - Pitching for Newark Bulldogs : RHP Juan González | Pitching: LHP Josh Wall | | Now in RF: Ángel Tuzzi | | Batting: LHB Henry Durham | 0-0: Foul Ball, location: 2F 0-1: Swinging Strike 0-2: Strikes out swinging | Batting: RHB Sergio Mata | 0-0: Ball 1-0: Ball 2-0: Foul Ball, location: 2F 2-1: Foul Ball, location: 2F 2-2: Strikes out swinging | Batting: SHB John Beach | 0-0: Called Strike 0-1: Ball 1-1: Ball 2-1: Ball 3-1: Foul Ball, location: 2F 3-2: Foul Ball, location: 2F 3-2: Base on Balls | Batting: SHB Júlio Valentín | 0-0: Ball 1-0: Called Strike 1-1: Fly out, F8 (Flyball, 8LD) | Bottom of the 6th over - 0 runs, 0 hits, 0 errors, 1 left on base; Newark 5 - Kingston 5 | TOP OF THE 7TH |
---|
Newark Bulldogs batting - Pitching for Kingston Iguanas : RHP Ron Jenkins | Batting: RHB Aurelio Cruz | 0-0: Ball 1-0: Ground out 5-3 (Groundball, 56S) | Batting: RHB Tony Long | 0-0: Ball 1-0: Ball 2-0: Foul Ball, location: 2F 2-1: SINGLE (Groundball, 6MD) | Pitching: LHP Jeff Minnich | | Batting: LHB Pat Zimmerman | 0-0: Fly out, F6 (Line Drive, 6) | Pinch Hitting: RHB Peter Sexton | 0-0: Called Strike 0-1: Ball 1-1: Foul Ball, location: 2F 1-2: Ball 2-2: Ball 3-2: Foul Ball, location: 2F 3-2: Fly out, F4 (Line Drive, 4M) | Top of the 7th over - 0 runs, 1 hit, 0 errors, 1 left on base; Newark 5 - Kingston 5 | BOTTOM OF THE 7TH |
---|
Kingston Iguanas batting - Pitching for Newark Bulldogs : LHP Josh Wall | Now in LF: Norris Howard | | Pinch Hitting: RHB Cristián López | 0-0: Foul Ball, location: 2F 0-1: Swinging Strike 0-2: Strikes out swinging | Batting: RHB Francisco Martínez | 0-0: Ball 1-0: Ground out 3-1 (Groundball, 34) | Batting: LHB Gustavo Gómez | 0-0: Swinging Strike 0-1: Swinging Strike 0-2: Strikes out swinging | Bottom of the 7th over - 0 runs, 0 hits, 0 errors, 0 left on base; Newark 5 - Kingston 5 | TOP OF THE 8TH |
---|
Newark Bulldogs batting - Pitching for Kingston Iguanas : LHP Jeff Minnich | Now in CF: Bob Lee | | Pinch Hitting: LHB Wes Thompson | 0-0: Swinging Strike 0-1: Foul Ball, location: 2F 0-2: Ball 1-2: Ball 2-2: SOLO HOME RUN (Flyball, 8RD), Distance : 430 ft | Batting: LHB Gerardo Guzmán | 0-0: Called Strike 0-1: Swinging Strike 0-2: Ball 1-2: Strikes out swinging | Pitching: RHP Guo-fang Juan | | Batting: RHB Jorge Flores | 0-0: DOUBLE (Flyball, 8LXD) | Batting: RHB Dan McKay | 0-0: Ball 1-0: Foul Ball, location: 2F 1-1: Called Strike 1-2: Ball 2-2: Ball 3-2: Fly out, F8 (Flyball, 8RM) | Batting: SHB Ismael Sánchez | 0-0: Swinging Strike 0-1: SINGLE (Groundball, 6D) Jorge Flores to third Runner from 3rd tries for Home, SAFE, throw made home | Batting: RHB Aurelio Cruz | 0-0: Fielders Choice at 2nd, 6-4 (Groundball, 6) | Top of the 8th over - 2 runs, 3 hits, 0 errors, 1 left on base; Newark 7 - Kingston 5 | BOTTOM OF THE 8TH |
---|
Kingston Iguanas batting - Pitching for Newark Bulldogs : LHP Josh Wall | Now in RF: Wes Thompson | | Batting: LHB Jon Quinn | 0-0: Called Strike 0-1: SINGLE (Line Drive, 3S) | Batting: LHB Billy Anderson | 0-0: Ball Wild Pitch! Jon Quinn to second 1-0: Ball 2-0: Called Strike 2-1: SINGLE (Groundball, 4MD) Jon Quinn to third Runner from 3rd tries for Home, SAFE, no throw | Pitching: RHP Bart Brown | | Batting: LHB Henry Durham | 0-0: Ball 1-0: Swinging Strike 1-1: Ball 2-1: Grounds into double play, 4-6-3 (Groundball, 4) | Batting: RHB Sergio Mata | 0-0: Called Strike 0-1: Swinging Strike 0-2: Strikes out swinging | Bottom of the 8th over - 1 run, 2 hits, 0 errors, 0 left on base; Newark 7 - Kingston 6 | TOP OF THE 9TH |
---|
Newark Bulldogs batting - Pitching for Kingston Iguanas : RHP Guo-fang Juan | Batting: RHB Tony Long | 0-0: Called Strike 0-1: Ball 1-1: Ball 2-1: Called Strike 2-2: Foul Ball, location: 2F 2-2: Foul Ball, location: 2F 2-2: SINGLE (Flyball, 3D) | Batting: LHB Pat Zimmerman | 0-0: Ball 1-0: Called Strike 1-1: Foul Ball, location: 2F 1-2: Ball 2-2: Grounds into double play, 6-4-3 (Groundball, 6) | Batting: RHB Norris Howard | 0-0: Foul Ball, location: 2F 0-1: Ball 1-1: Foul Ball, location: 2F 1-2: Foul Ball, location: 2F 1-2: Strikes out swinging | Top of the 9th over - 0 runs, 1 hit, 0 errors, 0 left on base; Newark 7 - Kingston 6 | BOTTOM OF THE 9TH |
---|
Kingston Iguanas batting - Pitching for Newark Bulldogs : RHP Bart Brown | Pitching: RHP Fernando Silva | | Batting: SHB John Beach | 0-0: Swinging Strike 0-1: Ball 1-1: Ball 2-1: Ball 3-1: Foul Ball, location: 2F 3-2: Strikes out swinging | Batting: SHB Júlio Valentín | 0-0: Ground out 4-3 (Groundball, 4) | Batting: RHB Bob Lee | 0-0: Fly out, F8 (Flyball, 8LD) | Bottom of the 9th over - 0 runs, 0 hits, 0 errors, 0 left on base; Newark 7 - Kingston 6 | |